 Dungeon Crawl Stone Soup version 0.31-a0-162-gc4c5a43528 (webtiles) character file.

Game seed: 11185875416639530794

6 qw the Shooter (level 1, 0/12 HPs)
             Began as a Gargoyle Hunter on June 12, 2023.
             Slain by a kobold
             ... wielding a +0 dagger
              (1 damage)
             ... on level 1 of the Dungeon.
             The game lasted 00:00:05 (104 turns).

qw the Shooter (Gargoyle Hunter)                     Turns: 104, Time: 00:00:05

Health: 0/12       AC:  5    Str: 14    XL:     1   Next: 90%
Magic:  1/1        EV: 11    Int:  9    God:
Gold:   0          SH:  0    Dex: 13    Spells: 0/0 levels left

rFire   . . .        a - +0 shortbow
rCold   . . .        (shield currently unavailable)
rNeg    + . .        c - +0 leather armour
rPois   inf          (no helmet)
rElec   +            (no cloak)
rCorr   .            (no gloves)
SInv    .            (no boots)
Will    .....        (no amulet)
Stlth   +            (no ring)
HPRegen 0.22/turn    (no ring)
MPRegen 0.07/turn

%: no passive effects
@: no status effects
A: sickness immunity, AC +2, negative energy resistance 1, electricity
resistance, torment resistance 1, petrification resistance
a: no special abilities


You were on level 1 of the Dungeon.
You visited 1 branch of the dungeon, and saw 1 of its levels.


Innate Abilities, Weirdness & Mutations

You are immune to sickness and miasma.
Your stone body is resilient. (AC +2)
You are immune to poison.
You resist negative energy. (rN+)
You are resistant to electric shocks. (rElec)
You are resistant to unholy torment.
You are immune to petrification.


   Skills:
 - Level 2.1 Fighting
 + Level 4.3 Ranged Weapons
 - Level 1.5 Dodging
 - Level 1.1 Stealth


You couldn't memorise any spells.
You didn't know any spells.
Your spell library was empty.

Inventory:

Hand Weapons
 a - a +0 shortbow (weapon)
Armour
 c - a +0 leather armour (worn)
Scrolls
 b - a scroll of butterflies
 d - a scroll of fog {unknown}

Dungeon Overview and Level Annotations

Branches:
Dungeon (1/15)

Altars:


Message History

The giant cockroach is severely wounded.
You hear a shout!
A kobold comes into view. It is wielding a +0 dagger.
You hear an angry hiss.
You shoot an arrow. The arrow hits the giant cockroach.
You kill the giant cockroach!
You shoot an arrow. The arrow closely misses the kobold.
You shoot an arrow. The arrow closely misses the kobold.
The kobold closely misses you.
A ball python comes into view.
You shoot an arrow. The ball python hisses angrily.
The arrow hits the kobold but does no damage.
The kobold misses you.
You shoot an arrow. The arrow closely misses the kobold.
The kobold hits you with a +0 dagger. The dart slug launches a dart at you.
The slug dart hits you.
The ball python bites you but does no damage.
The ball python closely misses you. The kobold hits you with a +0 dagger.
You shoot an arrow.
The arrow barely misses the ball python.
The ball python bites you but does no damage.
The ball python grabs you. The ball python constricts you.
The kobold hits you but does no damage.
You shoot an arrow. The arrow hits the ball python.
You kill the ball python!
A bat comes into view.
The kobold hits you but does no damage. The dart slug launches a dart at you.
The slug dart misses you.
You shoot an arrow. The arrow closely misses the kobold.
The kobold hits you with a +0 dagger. The dart slug bites you.
You shoot an arrow. The arrow barely misses the kobold.
The bat hits you but does no damage.
The kobold hits you but does no damage. x2
You shoot an arrow. The arrow hits the bat.
You kill the bat!
The dart slug launches a dart at you. The slug dart misses you.
The kobold hits you with a +0 dagger.
You die...

..##### .... ##
...... #... ...
..#..### #..# #.#
#...... #.. $..#
#....# #..#.!.
#...># #.#).
#....# #w%###
#....# #@K.=#
.....# #.#..#
####.###########.#
..#
#.............# ##
###############


You could see a dart slug and a kobold.

Vanquished Creatures
  A giant cockroach (D:1)
  A hobgoblin (D:1)
  2 ball pythons (D:1)
  A bat (D:1)
  A goblin (D:1)
  A rat (D:1)
7 creatures vanquished.

Notes
Turn   | Place    | Note
-------+----------+-------------------------------------------
     0 | D:1      | qw the Gargoyle Hunter began the quest for the Orb.
     0 | D:1      | Reached XP level 1. HP: 12/12 MP: 1/1
     0 | D:1      | 0 ||| qw: Version: 0.2-a-29-gc1b59c4
     0 | D:1      | 0 ||| qw: Game counter: 4413
     0 | D:1      | 0 ||| qw: Always use a shield: true
     0 | D:1      | 0 ||| qw: God list: Okawaru
     0 | D:1      | 0 ||| qw: Allow faded altars: false
     0 | D:1      | 0 ||| qw: Do Orc after D:15 true
     0 | D:1      | 0 ||| qw: Do second Lair branch before Depths: true
     0 | D:1      | 0 ||| qw: Lair rune preference: random
     0 | D:1      | 0 ||| qw: Plans: Normal, Zot:1-4, Slime:5, God:TSO, Crypt,
                  | Tomb, Abyss, Pan, Hells, Win
     0 | D:1      | 0 ||| PLANNING D:1-11
   102 | D:1      | HP: 3/12 [kobold/+0 dagger (2)]
   102 | D:1      | HP: 1/12 [dart slug (2)]
   104 | D:1      | Slain by a kobold

Levels and vault maps discovered:
D:1:      shiori_arrival_elements, layout_basic, serial_bayou_pond_c,
          reono_crystal_passage, minivault_23, minmay_pentomino_v4

Action                     || total
---------------------------++-------
   Fire: Shortbow          ||    30
 Armour: Leather armour    ||    13
  Dodge: Dodged            ||     6

Table legend:
 A = Non-vault XP
 B = Vault XP
 C = Vault XP percentage of total XP
 D = Non-vault monster count
 E = Vault monster count
 F = Vault count percentage of total count
                 A         B        C        D         E       F
            +---------+---------+-------+---------+---------+-------
      Total |       6 |       4 |  40.0 |       4 |       3 |  42.9
            +---------+---------+-------+---------+---------+-------
        D:1 |       6 |       4 |  40.0 |       4 |       3 |  42.9
            +---------+---------+-------+---------+---------+-------
